[ AOE2 MATCH · #463586283 ]
1v1 RMMongols vs Hindustanis
Player's team · WIN
[ REPLAY ANALYSIS · EXTRACTED FROM THE RECORDED GAME ]
Feudal
10:18
Castle
21:38
Imperial
45:44
| APM avg | 22.1 |
| APM peak | 66 |
| eAPM avg | 11.5 |
| Villagers / military | 106 / 107 |
Focus
⚔️ 38.3% · 🌾 61.7%
Spearman ×48 · Mangudai ×42 · Battering Ram ×10 · Scout Cavalry ×4 · Monk ×3
Feudal
10:13
Castle
22:57
Imperial
42:30
| APM avg | 15.5 |
| APM peak | 55 |
| eAPM avg | 12.3 |
| Villagers / military | 163 / 74 |
Focus
⚔️ 19.3% · 🌾 80.7%
Camel Scout ×37 · Ghulam ×19 · Spearman ×7 · Monk ×5 · Scout Cavalry ×5 · Militia ×1
Match map
Initial resources + every placement click. Lines = walls · curves = elevation contours. ◆ gold · ⬟ stone · ● berries · ✦ relic · ◌ wall gap
Your base· Open — opponent sealed themselves in
WRick's base· ✓ Closed at 22:57 · 41t walls · no gate
Smoothed initial terrain · ◌ = detected wall gap · hover for details
Inputs per minute
— Hannibal's Revenge - - WRick
Build order — Hannibal's Revenge
First 150 of 371 actions detected
| 0:01 | Create | Villager (Male) |
| 0:01 | Create | Villager (Male) |
| 0:01 | Create | Villager (Male) |
| 0:02 | Create | Villager (Male) |
| 0:03 | Build | House |
| 0:04 | Build | House |
| 1:28 | Create | Villager (Male) |
| 1:47 | Build | Lumber Camp |
| 1:53 | Create | Villager (Male) |
| 1:53 | Create | Villager (Male) |
| 2:39 | Create | Villager (Male) |
| 2:39 | Create | Villager (Male) |
| 2:57 | Create | Villager (Male) |
| 2:57 | Create | Villager (Male) |
| 2:57 | Create | Villager (Male) |
| 3:37 | Create | Villager (Male) |
| 3:37 | Create | Villager (Male) |
| 4:00 | Build | House |
| 4:01 | Build | House |
| 4:19 | Create | Villager (Male) |
| 4:19 | Create | Villager (Male) |
| 4:23 | Build | Mill |
| 4:48 | Create | Villager (Male) |
| 4:48 | Create | Villager (Male) |
| 5:00 | Create | Villager (Male) |
| 5:20 | Build | House |
| 5:27 | Create | Villager (Male) |
| 5:50 | Create | Villager (Male) |
| 5:50 | Create | Villager (Male) |
| 6:32 | Build | Lumber Camp |
| 7:09 | Create | Villager (Male) |
| 7:14 | Research | Loom |
| 7:42 | Research | Feudal Age |
| 8:40 | Build | Barracks |
| 8:45 | Build | Farm |
| 9:11 | Build | Farm |
| 9:18 | Create | Villager (Male) |
| 10:13 | Create | Villager (Male) |
| 10:18 | Age | Feudal Age |
| 10:35 | Build | Stable |
| 10:42 | Research | Double-Bit Axe |
| 10:58 | Create | Villager (Male) |
| 11:12 | Build | Farm |
| 11:20 | Create | Villager (Male) |
| 11:38 | Build | Farm |
| 11:39 | Create | Scout Cavalry |
| 11:40 | Create | Scout Cavalry |
| 11:40 | Create | Scout Cavalry |
| 11:41 | Create | Scout Cavalry |
| 11:53 | Build | Farm |
| 11:57 | Create | Villager (Male) |
| 12:08 | Create | Villager (Male) |
| 12:11 | Build | Farm |
| 12:17 | Create | Villager (Male) |
| 12:28 | Build | House |
| 12:31 | Build | House |
| 12:36 | Build | Farm |
| 12:52 | Create | Villager (Male) |
| 12:55 | Build | Farm |
| 13:13 | Create | Villager (Male) |
| 13:29 | Build | Mining Camp |
| 13:32 | Create | Villager (Male) |
| 13:38 | Build | Blacksmith |
| 13:51 | Research | Horse Collar |
| 14:20 | Build | Farm |
| 14:22 | Build | Farm |
| 15:29 | Create | Villager (Male) |
| 15:29 | Create | Villager (Male) |
| 15:34 | Build | Market |
| 15:36 | Create | Villager (Male) |
| 16:22 | Research | Bloodlines |
| 16:57 | Create | Villager (Male) |
| 16:57 | Create | Villager (Male) |
| 16:57 | Create | Villager (Male) |
| 17:04 | Build | House |
| 17:05 | Build | House |
| 17:06 | Build | House |
| 18:49 | Build | Farm |
| 18:51 | Build | Farm |
| 18:54 | Create | Villager (Male) |
| 18:55 | Create | Villager (Male) |
| 18:58 | Research | Castle Age |
| 18:59 | Create | Villager (Male) |
| 19:04 | Build | Farm |
| 19:09 | Build | House |
| 19:12 | Build | Palisade Wall |
| 19:54 | Build | Palisade Gate |
| 19:57 | Build | House |
| 19:58 | Build | House |
| 20:00 | Build | Palisade Wall |
| 20:15 | Build | House |
| 20:16 | Build | House |
| 20:28 | Build | Palisade Wall |
| 20:33 | Create | Villager (Male) |
| 21:38 | Age | Castle Age |
| 21:40 | Build | Palisade Gate |
| 22:01 | Build | Town Center |
| 22:07 | Build | Stone Wall |
| 22:16 | Create | Villager (Male) |
| 22:18 | Research | Wheelbarrow |
| 22:30 | Build | Farm |
| 22:52 | Build | Mining Camp |
| 22:57 | Build | Farm |
| 23:01 | Research | Bow Saw |
| 23:03 | Research | Heavy Plow |
| 23:11 | Build | Lumber Camp |
| 23:15 | Create | Villager (Male) |
| 23:15 | Create | Villager (Male) |
| 23:37 | Build | Town Center |
| 23:40 | Create | Villager (Male) |
| 23:40 | Create | Villager (Male) |
| 23:54 | Create | Villager (Male) |
| 24:01 | Build | Farm |
| 24:05 | Create | Villager (Male) |
| 24:15 | Build | Palisade Wall |
| 24:18 | Build | Farm |
| 24:20 | Build | Farm |
| 24:24 | Create | Villager (Male) |
| 24:46 | Research | Gold Mining |
| 24:57 | Create | Villager (Male) |
| 24:59 | Create | Villager (Male) |
| 25:03 | Create | Villager (Male) |
| 25:04 | Create | Villager (Male) |
| 25:12 | Create | Villager (Male) |
| 25:17 | Create | Villager (Male) |
| 25:17 | Create | Villager (Male) |
| 25:48 | Research | Husbandry |
| 25:50 | Research | Forging |
| 25:51 | Research | Fletching |
| 25:53 | Research | Scale Barding Armor |
| 25:56 | Create | Villager (Male) |
| 25:58 | Build | Farm |
| 25:59 | Build | Farm |
| 26:00 | Create | Villager (Male) |
| 26:06 | Create | Villager (Male) |
| 26:22 | Build | Farm |
| 26:24 | Create | Villager (Male) |
| 26:25 | Create | Villager (Male) |
| 26:28 | Create | Villager (Male) |
| 26:49 | Create | Spearman |
| 26:50 | Create | Spearman |
| 26:50 | Create | Spearman |
| 26:51 | Create | Spearman |
| 27:05 | Create | Villager (Male) |
| 27:09 | Build | Farm |
| 27:11 | Build | Farm |
| 27:16 | Create | Villager (Male) |
| 27:16 | Create | Villager (Male) |
| 27:17 | Create | Villager (Male) |
| 27:23 | Create | Villager (Male) |
Build order — WRick
First 150 of 310 actions detected
| 0:02 | Build | House |
| 0:06 | Build | House |
| 0:07 | Create | Villager (Male) |
| 0:07 | Create | Villager (Male) |
| 0:07 | Create | Villager (Male) |
| 0:08 | Create | Villager (Male) |
| 1:34 | Create | Villager (Male) |
| 1:59 | Create | Villager (Male) |
| 2:00 | Create | Villager (Male) |
| 2:50 | Research | Loom |
| 2:54 | Create | Villager (Male) |
| 2:54 | Create | Villager (Male) |
| 4:10 | Build | Lumber Camp |
| 4:43 | Create | Villager (Male) |
| 4:43 | Create | Villager (Male) |
| 4:43 | Create | Villager (Male) |
| 5:50 | Build | House |
| 5:57 | Research | Loom |
| 5:58 | Create | Villager (Male) |
| 6:31 | Create | Villager (Male) |
| 6:32 | Create | Villager (Male) |
| 6:39 | Create | Villager (Male) |
| 7:05 | Build | Mill |
| 7:13 | Create | Villager (Male) |
| 7:17 | Build | House |
| 7:31 | Create | Villager (Male) |
| 7:50 | Research | Feudal Age |
| 7:52 | Create | Villager (Male) |
| 7:52 | Create | Villager (Male) |
| 7:57 | Build | House |
| 8:36 | Create | Villager (Male) |
| 9:26 | Build | Farm |
| 9:27 | Build | Farm |
| 9:27 | Build | Farm |
| 9:27 | Build | Farm |
| 10:13 | Age | Feudal Age |
| 10:13 | Create | Villager (Male) |
| 10:34 | Build | Barracks |
| 10:51 | Build | Palisade Wall |
| 11:10 | Build | Palisade Wall |
| 11:13 | Research | Double-Bit Axe |
| 11:15 | Create | Villager (Male) |
| 11:30 | Build | Palisade Wall |
| 11:44 | Build | Mining Camp |
| 12:21 | Build | Farm |
| 12:28 | Create | Villager (Male) |
| 12:28 | Create | Villager (Male) |
| 12:28 | Create | Villager (Male) |
| 12:29 | Create | Villager (Male) |
| 12:34 | Build | Farm |
| 12:47 | Build | Palisade Wall |
| 13:21 | Create | Villager (Male) |
| 13:22 | Create | Villager (Male) |
| 13:22 | Create | Villager (Male) |
| 13:29 | Build | Mining Camp |
| 13:37 | Create | Spearman |
| 13:37 | Create | Spearman |
| 13:46 | Create | Villager (Male) |
| 13:58 | Build | Farm |
| 14:00 | Create | Villager (Male) |
| 14:14 | Build | Farm |
| 14:22 | Build | Farm |
| 14:31 | Build | House |
| 14:46 | Build | House |
| 14:52 | Research | Town Watch |
| 14:52 | Research | Wheelbarrow |
| 15:08 | Build | House |
| 15:12 | Build | House |
| 15:14 | Build | House |
| 15:41 | Build | House |
| 15:52 | Build | Farm |
| 15:52 | Build | Farm |
| 16:03 | Create | Militia |
| 16:07 | Create | Villager (Male) |
| 16:07 | Create | Villager (Male) |
| 16:29 | Build | House |
| 16:56 | Create | Villager (Male) |
| 16:56 | Create | Villager (Male) |
| 17:02 | Build | Farm |
| 17:18 | Create | Spearman |
| 17:19 | Create | Spearman |
| 17:39 | Build | House |
| 17:41 | Build | House |
| 18:01 | Create | Villager (Male) |
| 18:01 | Create | Villager (Male) |
| 18:01 | Create | Villager (Male) |
| 18:02 | Create | Villager (Male) |
| 18:32 | Create | Spearman |
| 18:32 | Create | Spearman |
| 18:57 | Create | Villager (Male) |
| 18:57 | Create | Villager (Male) |
| 19:16 | Build | Blacksmith |
| 19:22 | Build | Market |
| 19:27 | Build | Farm |
| 19:36 | Create | Villager (Male) |
| 20:04 | Create | Villager (Male) |
| 20:04 | Create | Villager (Male) |
| 20:14 | Research | Castle Age |
| 20:33 | Build | Mill |
| 20:36 | Build | Farm |
| 20:36 | Build | Farm |
| 21:03 | Build | Farm |
| 21:07 | Create | Villager (Male) |
| 21:07 | Create | Villager (Male) |
| 21:12 | Create | Spearman |
| 21:43 | Build | Lumber Camp |
| 21:57 | Create | Villager (Male) |
| 21:57 | Create | Villager (Male) |
| 22:10 | Create | Villager (Male) |
| 22:10 | Create | Villager (Male) |
| 22:53 | Build | Farm |
| 22:53 | Build | Farm |
| 22:57 | Age | Castle Age |
| 23:00 | Create | Villager (Male) |
| 23:06 | Research | Town Patrol |
| 23:11 | Create | Villager (Male) |
| 23:11 | Create | Villager (Male) |
| 23:24 | Research | Gold Mining |
| 23:25 | Research | Stone Mining |
| 23:52 | Build | Farm |
| 24:06 | Create | Villager (Male) |
| 24:07 | Create | Villager (Male) |
| 24:08 | Create | Villager (Male) |
| 24:43 | Build | Farm |
| 25:43 | Build | Town Center |
| 25:52 | Create | Villager (Male) |
| 25:53 | Create | Villager (Male) |
| 25:53 | Create | Villager (Male) |
| 25:54 | Create | Villager (Male) |
| 26:17 | Build | Palisade Gate |
| 26:26 | Research | Squires |
| 26:36 | Research | Arson |
| 27:19 | Create | Villager (Male) |
| 27:19 | Create | Villager (Male) |
| 27:19 | Create | Villager (Male) |
| 27:19 | Create | Villager (Male) |
| 27:19 | Create | Villager (Male) |
| 27:31 | Research | Bow Saw |
| 27:33 | Research | Horse Collar |
| 27:39 | Create | Villager (Male) |
| 27:39 | Create | Villager (Male) |
| 27:39 | Create | Villager (Male) |
| 27:39 | Create | Villager (Male) |
| 27:41 | Create | Villager (Male) |
| 27:41 | Create | Villager (Male) |
| 27:41 | Create | Villager (Male) |
| 28:10 | Build | Stable |
| 28:21 | Create | Villager (Male) |
| 28:21 | Create | Villager (Male) |
| 29:11 | Create | Camel Scout |
Match timeline
| 8:40 | Hannibal's Revenge · first_building Barracks |
| 10:13 | WRick · age_up feudal |
| 10:18 | Hannibal's Revenge · age_up feudal |
| 10:34 | WRick · first_building Barracks |
| 10:35 | Hannibal's Revenge · first_building Stable |
| 10:51 | WRick · wall_segment Palisade Wall x4 |
| 11:10 | WRick · wall_segment Palisade Wall x7 |
| 11:30 | WRick · wall_segment Palisade Wall x10 |
| 12:47 | WRick · wall_segment Palisade Wall x20 |
| 19:12 | Hannibal's Revenge · wall_segment Palisade Wall x10 |
| 20:00 | Hannibal's Revenge · wall_segment Palisade Wall x8 |
| 20:28 | Hannibal's Revenge · wall_segment Palisade Wall x9 |
| 21:38 | Hannibal's Revenge · age_up castle |
| 22:07 | Hannibal's Revenge · wall_segment Stone Wall x1 |
| 22:57 | WRick · age_up castle |
| 23:59 | Hannibal's Revenge · first_market_buy 100 wood |
| 24:15 | Hannibal's Revenge · wall_segment Palisade Wall x4 |
| 28:10 | WRick · first_building Stable |
| 28:25 | Hannibal's Revenge · first_building Monastery |
| 31:48 | Hannibal's Revenge · first_building Castle |
| 32:03 | WRick · first_building Castle |
| 33:26 | WRick · first_building Monastery |
| 35:18 | Hannibal's Revenge · first_building Siege Workshop |
| 35:36 | WRick · first_building Siege Workshop |
| 38:57 | Hannibal's Revenge · first_building Archery Range |
| 42:30 | WRick · age_up imperial |
| 45:44 | Hannibal's Revenge · age_up imperial |
| 51:28 | WRick · resign |
[ AI ANALYSIS · 1 CREDIT ]
What really happened in this match?
Wolo.gg analyzes every decision: build order, eco, micro, common mistakes by bracket. Personalized analysis on WhatsApp or Discord in 30 seconds.
Civ guide
Mongols
Map guide
Arabia
Perfil
Hannibal's Revenge